 Dungeon Crawl Stone Soup version 0.29-a0-330-g52719c12eb (webtiles) character file.

Game seed: 6478083976669935833

18 HoaS the Bolt Thrower (level 2, -5/17 HPs)
             Began as a Kobold Hunter on May 21, 2022.
             Slain by Terence
             ... wielding a +0 trident
              (6 damage)
             ... on level 2 of the Dungeon.
             The game lasted 00:01:22 (1162 turns).

HoaS the Bolt Thrower (Kobold Hunter)               Turns: 1162, Time: 00:01:22

Health: -5/17      AC:  4    Str:  8    XL:     2   Next: 85%
Magic:  2/2        EV: 14    Int: 10    God:
Gold:   49         SH:  0    Dex: 18    Spells: 1/1 levels left

rFire   . . .      SeeInvis .   a - +1 hand crossbow
rCold   . . .      Faith    .   (no shield)
rNeg    . . .      Spirit   .   b - +1 leather armour
rPois   .          Reflect  .   (no helmet)
rElec   .          Harm     .   (no cloak)
rCorr   .          Rampage  .   (no gloves)
Will    .....                   (no boots)
Stlth   +++.......              (no amulet)
HPRegen 0.05/turn               (no ring)
MPRegen 0.08/turn               (no ring)

@: no status effects
A: small, no large weapons, nightstalker 3
a: no special abilities


You were on level 2 of the Dungeon.
You visited 1 branch of the dungeon, and saw 2 of its levels.

You collected 49 gold pieces.

Inventory:

Hand Weapons
 a - a +1 hand crossbow (weapon)
Armour
 b - a +1 leather armour (worn)
Scrolls
 c - a scroll of immolation
 d - a scroll of identify
Potions
 g - a potion of haste


   Skills:
 - Level 2.1 Fighting
 + Level 6.3 Crossbows
 - Level 2.4 Dodging
 - Level 1.3 Stealth


You had one spell level left.
You didn't know any spells.
Your spell library was empty.

Dungeon Overview and Level Annotations

Branches:
Dungeon (2/15)

Altars:

Annotations:
D:2 Terence


Innate Abilities, Weirdness & Mutations

You are small and have problems with some larger weapons.
You are completely attuned to the shadows.


Message History

No target in view!
No target in view!
A bat comes into view.
The bat barely misses you.
A bat is nearby!
You shoot a bolt. The bolt closely misses the bat.
The bat hits you. The bat barely misses you.
You shoot a bolt. The bolt closely misses the bat.
The bat closely misses you.
A bat is nearby!
You shoot a bolt. The bolt completely misses the bat.
The bat completely misses you.
You shoot a bolt. The bolt barely misses the bat.
The bat hits you but does no damage. The bat barely misses you.
Terence the Incautious comes into view.
He is wielding a +0 trident.
You shoot a bolt. The bolt hits the bat.
You kill the bat!
You shoot a bolt.
The bolt hits Terence but does no damage.
There is a stone staircase leading up here.
Throw: throwing net
Press: ? - help, Shift-Dir - straight line, f/p - Terence
Aim: Terence, wielding a +0 trident and wearing a +0 scale mail (65% to hit)
You throw a throwing net. The throwing net barely misses Terence.
Terence hits you from afar with a +0 trident.
Shoot: a) +1 hand crossbow
Press: ? - help, Q - select action Shift-Dir - straight line, f/p - Terence
Aim: Terence, wielding a +0 trident and wearing a +0 scale mail (70% to hit)
You shoot a bolt. The bolt hits Terence.
Terence is lightly wounded.
Terence barely misses you.
Terence hits you from afar with a +0 trident!
Shoot: a) +1 hand crossbow
Press: ? - help, Q - select action Shift-Dir - straight line, f/p - Terence
Aim: Terence, wielding a +0 trident and wearing a +0 scale mail (lightly wounded, 70% to hit)
You shoot a bolt. The bolt hits Terence.
Terence is heavily wounded.
Terence hits you from afar with a +0 trident.
* * * LOW HITPOINT WARNING * * *
Terence hits you from afar with a +0 trident.
You die...

### #@#
#.#
#@######.
#.##.....
#(.......
####.####
.....)...
..##.###.
. #.#


You could see Terence.

Vanquished Creatures
  3 goblins
  4 kobolds (D:1)
  2 quokkas (D:1)
  A ball python (D:1)
  6 bats
  A frilled lizard (D:1)
  A rat (D:1)
18 creatures vanquished.

Notes
Turn   | Place    | Note
-------+----------+-------------------------------------------
     0 | D:1      | HoaS the Kobold Hunter began the quest for the Orb.
     0 | D:1      | Reached XP level 1. HP: 12/12 MP: 1/1
   371 | D:1      | Found a faded altar of an unknown god.
   500 | D:1      | Reached XP level 2. HP: 17/17 MP: 2/2
   529 | D:1      | Reached skill level 6 in Crossbows
  1150 | D:2      | Noticed Terence
  1162 | D:2      | Slain by Terence

Illustrated notes

Levels and vault maps discovered:
D:1:      heliophobic_arrival_ceremonial_halls, layout_loops_corners,
          dreamdust_ecumenical_altar_statues
D:2:      layout_basic, palyth_stone_intersect, uniq_natasha, uniq_terence,
          uniq_robin

Skill      XL: |  1  2 |
---------------+-------+-----
Crossbows      | 6 |  6.3
Fighting       | |  2.1
Dodging        | |  2.4
Stealth        | |  1.3

Action                   || total
-------------------------++-------
 Fire: Hand crossbow     ||    43
Throw: Throwing net      ||     1
  Use: Scroll            ||     3
Armor: Leather armour    ||     7
Dodge: Dodged            ||    16

Table legend: (Time is in decaauts)
 A = Elapsed time spent in this place.
 B = Non-inter-level travel time spent in this place.
 C = Inter-level travel time spent in this place.
 D = Time resting spent in this place.
 E = Time spent auto-exploring this place.
 F = Levels seen in this place.
 G = Mean time per level.
                   A        B        C        D        E       F      G
               +--------+--------+--------+--------+--------+-----+--------+
         Total |   1173 |   1156 |     17 |    193 |    860 |   2 |  586.5 |
       Dungeon |   1173 |   1156 |     17 |    193 |    860 |   2 |  586.5 |
               +--------+--------+--------+--------+--------+-----+--------+

Top non-repeatable levels by time:
     D:1: 1146 daAuts
     D:2: 26 daAuts
